 Dungeon Crawl Stone Soup version 0.18.1-5-g4a78601 (webtiles) character file.

16 oplop the Insei (level 2, -2/18 HPs)
             Began as an Octopode Transmuter on May 13, 2016.
             Slain by a kobold
             ... wielding a cursed -1 short sword
              (3 damage)
             ... on level 1 of the Dungeon.
             The game lasted 00:00:34 (516 turns).

oplop the Insei (Octopode Transmuter)                Turns: 516, Time: 00:00:35

Health: -2/18      AC:  1    Str:  9    XL:     2   Next: 54%
Magic:  4/5        EV: 12    Int: 15    God:
Gold:   43         SH:  0    Dex: 12    Spells: 1 memorised, 4 levels left

rFire  . . .     SeeInvis .     g - +0 dagger
rCold  . . .     Gourm    .     (no shield)
rNeg   . . .     Faith    .     (helmet restricted)
rPois  .         Spirit   .     (no amulet)
rElec  .         Dismiss  .     (no ring)
rCorr  .         Reflect  .     (no ring)
SustAt .         Harm     .     (no ring)
MR     .....                    (no ring)
Stlth  ++........               (no ring)
                                (no ring)
                                (no ring)
                                (no ring)

@: appendage, not resistant to hostile enchantments, unstealthy
A: almost no armour, amphibious, 8 rings, constrict 8, tentacle spike 3,
camouflage 1, gelatinous body 1
a: End Transformation


You were on level 1 of the Dungeon.
You were not hungry.
One of your tentacles had a temporary spike.
You visited 1 branch of the dungeon, and saw 1 of its levels.

You collected 43 gold pieces.

Inventory:

Hand Weapons
 g - a +0 dagger (weapon)
Missiles
 a - 12 arrows
Scrolls
 d - a scroll of remove curse {unknown}
 e - 2 scrolls of identify {unknown}
 f - a scroll of blinking {unknown}
Books
 b - a book of Changes

   Spells                             Type                      Level
   a - Beastly Appendage              Transmutation                1
   b - Sticks to Snakes               Transmutation                2
   c - Spider Form                    Transmutation/Poison         3
   d - Ice Form                       Ice/Transmutation            4
   e - Blade Hands                    Transmutation                5
Comestibles
 c - a bread ration


   Skills:
 - Level 1.0 Fighting
 - Level 2.0 Dodging
 + Level 3.2 Unarmed Combat
 + Level 2.4 Spellcasting
 + Level 2.3 Transmutations


You had 4 spell levels left.
You knew the following spells:

 Your Spells              Type           Power        Failure   Level  Hunger
a - Beastly Appendage     Trmt           #.....       12%         1    #......


Dungeon Overview and Level Annotations

Branches:
Dungeon (1/15)

Altars:


Innate Abilities, Weirdness & Mutations

You cannot wear most types of armour.
You are amphibious.
You can wear up to eight rings at the same time.
You can use your tentacles to constrict eight enemies at once.
Your skin changes colour to match your surroundings (Stealth).
Your rubbery body absorbs attacks (AC +1).
One of your tentacles bears a large vicious spike.


Message History

The kobold hits you with an enchanted short sword.
You closely miss the kobold. Your grab misses the kobold.
The kobold misses you.
You barely miss the kobold. You grab the kobold.
You constrict the kobold, but do no damage.
The kobold hits you with an enchanted short sword.
* * * LOW HITPOINT WARNING * * *
You are too injured to fight recklessly!
Casting: Beastly Appendage
Confirm with . or Enter, or press ? or * to list all spells.
One of your tentacles grows a vicious spike.
You constrict the kobold, but do no damage.
The kobold hits you with an enchanted short sword.
* * * LOW HITPOINT WARNING * * *
Unknown command.
You hit the kobold.
The kobold is moderately wounded.
You constrict the kobold, but do no damage.
The kobold hits you with an enchanted short sword.
You die...

####### #########.....#
#######.........###.#
#.......#######.###.#
#.####..###.......#.# ##
#รท##.......(###.#.#.#
##.###.#.....#######.#.#.#
#.#.......K..###.........#
#.###.#.@...........[...# #.#
#......####.#####.#.# #.#
####.### # ###.#.# #.# #.#
#...#.# ##.## ##'## # #.###.#
###...# ##...## #.###.###.#
#.....###.....## #.........#
##.#...##.......######..#####
##...####.........####...#####


You could see a kobold.

Vanquished Creatures
  An ooze (D:1)
  A dart slug (D:1)
  A goblin (D:1)
  2 hobgoblins (D:1)
  2 kobolds (D:1)
  A bat (D:1)
  A rat (D:1)
9 creatures vanquished.

Notes
Turn   | Place    | Note
--------------------------------------------------------------
     0 | D:1      | oplop the Octopode Transmuter began the quest for the Orb.
     0 | D:1      | Reached XP level 1. HP: 13/13 MP: 3/3
   221 | D:1      | Reached XP level 2. HP: 9/18 MP: 5/5
   516 | D:1      | Slain by a kobold

Action                   || total
-------------------------++-------
Melee: Unarmed           ||    14
       Tentacles         ||    10
       Constrict         ||     7
       Dagger            ||    18
 Cast: Beastly Appendage ||     1
 Stab: Sleeping          ||     2
Dodge: Dodged            ||    13
